AoeStats
← Ferude8997

MegaRandom

503456310Analyzed
1v1 RM · 1mo ago on Aug 31, 2026· 47m 49s· 2 players
Game mode
Random Map
Map size
Tiny (2 player)
Population
200
Speed
Normal
Resources
Standard
Victory
Conquest
Starting age
Dark Age
Ending age
Imperial Age
RankedLock teamsTeams togetherTeam positionsShared explorationLock speedFull tech treeHidden civsTurbo modeCheats
Victory
Defeat
🇧🇪 Celts · Belgium
567
+17
🇦🇷 Tatars · Argentina
579
-33
Pieter
3:25 Loom
11:53 Feudal Age
12:52 Town Watch
15:36 Horse Collar
16:51 Wheelbarrow
17:20 Gold Mining
18:48 Man-at-Arms
20:13 Scale Mail Armor
20:28 Forging
23:30 Castle Age
22:06 Stone Mining
25:26 Hand Cart
25:17 Town Patrol
27:35 Stone Shaft Mining
26:48 Double-Bit Axe
26:54 Long Swordsman
30:06 Gold Shaft Mining
29:33 Heavy Plow
29:51 Gambesons
32:53 Stronghold
38:19 Iron Casting
38:00 Chain Mail Armor
37:50 Scale Barding Armor
40:19 Imperial Age
40:35 Imperial Age
37:44 Pikeman
41:15 Husbandry
40:39 Cavalier
41:08 Halberdier
42:05 Elite Woad Raider
43:23 Bow Saw
46:44 Hoardings
Ferude8997
15:08 Feudal Age
25:43 Loom
28:12 Castle Age
26:55 Double-Bit Axe
30:10 Crossbowman
30:20 Pikeman
35:58 Man-at-Arms
37:38 Long Swordsman
39:05 Elite Skirmisher
41:23 Gold Mining
43:27 Scale Barding Armor
Connection lost

Rejoining the realm…

Still unreachable

The connection could not be restored.

Session expired

The server has moved on; the page needs a fresh start.